 Dungeon Crawl Stone Soup version 0.23.2-40-g277498a001 (webtiles) character file.

Game seed: 3910828141201403046

725607 DildoBatman the Metallomancer (level 27, -22/190 HPs)
             Began as a Formicid Wizard on Sept 27, 2019.
             Was an Initiate of Gozag.
             Killed by dispel undead
             ... invoked by a Tzitzimitl
              (61 damage)
             ... on level 19 of a ziggurat on Sept 28, 2019.
             The game lasted 06:35:40 (62613 turns).

DildoBatman the Metallomancer (Formicid Wizard)    Turns: 62613, Time: 06:35:41

Health: -22/190    AC: 26    Str: 16    XL:     27
Magic:  13/40      EV: 23    Int: 33    God:    Gozag
Gold:   5909       SH: 15    Dex: 21    Spells: 0/62 levels left

rFire    + + .     SeeInvis +   b - staff of energy
rCold    + + +     Gourm    .   i - +3 shield "Vujuh" {rElec rCorr SInv Stlth-}
rNeg     + + +     Faith    .   o - +4 troll leather armour
rPois    ∞         Spirit   .   (helmet unavailable)
rElec    +         Reflect  .   g - +0 cloak {rC+}
rCorr    +         Harm     .   y - +3 pair of gauntlets of War {Slay+5}
MR       +++++                  f - +1 pair of boots of the Five Spirits {rF+ rC+}
Stlth    ++........             m - amulet of magic regeneration
HPRegen  0.81/turn              X - ring of the Mage {Wiz MR++ Int+3}
MPRegen  0.52/turn              G - ring of Atheism {rF+ rN+ MR+ Int+3 Dex+7}

@: agile, lich-form, darkness, weakened, gold aura, flying, very slightly
contaminated, wreathed by umbra, studying Shields, invisible
A: permanent stasis, dig shafts and tunnels, four strong arms, antennae 3,
talons 1, thin metallic scales 1, low mp 1, wild magic 1
}: 4/15 runes: decaying, serpentine, silver, golden
a: Dig, Shaft Self, End Transformation, Potion Petition, Call Merchant, Bribe
Branch, Renounce Religion


You were on level 19 of a ziggurat.
You worshipped Gozag.
Gozag was greatly pleased with you.
You were not hungry.
You were a lich.
You visited 10 branches of the dungeon, and saw 46 of its levels.
You visited 1 bazaar.
You visited 1 ziggurat, and saw 19 of its levels.
You also visited: Sewer, Bailey, Gauntlet, Ice Cave, Volcano and Desolation.

You collected 32986 gold pieces.
You spent 8507 gold pieces at shops.
You paid 18570 gold pieces to Gozag.

Inventory:

Hand Weapons
 a - the +6 Majin-Bo {vamp, Archmagi MP+6 Int+6}
   (You found it on level 3 of the Crypt)

   It inflicts no extra harm, but heals its wielder when it wounds a living foe.
   It affects your intelligence (+6).
   It affects your magic capacity (+6).
Missiles
 D - 3 throwing nets (quivered)
Armour
 f - the +1 pair of boots of the Five Spirits (worn) {rF+ rC+}
   (You bought it in a shop on level 13 of the Dungeon)

   It protects you from fire.
   It protects you from cold.
 g - a +0 cloak of cold resistance (worn)
 i - the +3 shield "Vujuh" (worn) {rElec rCorr SInv Stlth-}
   (You bought it in a shop on level 13 of the Dungeon)

   It insulates you from electricity.
   It lets you see invisible.
   It provides partial protection from all sources of acid and corrosion.
   It makes you less stealthy.
 o - a +4 troll leather armour (worn)
 y - the +3 pair of gauntlets of War (worn) {Slay+5}
   (You found it on level 3 of the Tomb of the Ancients)

   It affects your accuracy and damage with ranged weapons and melee attacks
   (+5).
Magical Staves
 b - an uncursed staff of energy (weapon)
Jewellery
 m - an amulet of magic regeneration (around neck)
 q - a +6 ring of protection
 A - the ring of Wushang {-Tele *Slow rN+ MP+9 Dex+8}
   (You took it off a deep elf death mage on level 3 of the Elven Halls)

   [ring of positive energy]

   It affects your dexterity (+8).
   It protects you from negative energy.
   It affects your magic capacity (+9).
   It prevents most forms of teleportation.
   It may slow you when you take damage.
 G - the ring of Atheism (right hand) {rF+ rN+ MR+ Int+3 Dex+7}
   (You found it on level 9 of a ziggurat)

   [ring of intelligence]

   It affects your intelligence (+3).
   It affects your dexterity (+7).
   It protects you from fire.
   It protects you from negative energy.
   It affects your resistance to hostile enchantments.
 X - the ring of the Mage (left hand) {Wiz MR++ Int+3}
   (You found it on level 6 of a ziggurat)

   [ring of wizardry]

   It improves your spell success rate.
   It affects your intelligence (+3).
   It affects your resistance to hostile enchantments.
Wands
 d - a wand of scattershot (5)
 e - a wand of clouds (4)
 n - a wand of iceblast (17)
 Q - a wand of acid (13)
 Y - a wand of disintegration (57)
Scrolls
 h - 10 scrolls of fear
 k - 4 scrolls of torment
 l - 7 scrolls of immolation
 t - 10 scrolls of enchant armour
 x - 25 scrolls of remove curse
 z - 12 scrolls of identify
 K - 13 scrolls of fog
 M - 4 scrolls of holy word
 T - 2 scrolls of summoning
 U - 2 scrolls of amnesia
Potions
 s - 8 potions of heal wounds
 u - 7 potions of ambrosia
 F - 6 potions of mutation
 H - 4 potions of resistance
 I - 4 potions of brilliance
 J - 4 potions of cancellation
 L - 10 potions of agility
 N - 4 potions of might
 S - a potion of invisibility
 V - 2 potions of magic
 Z - 20 potions of curing
Books
 w - a manual of Shields
Miscellaneous
 c - a lightning rod (4/4)
 j - 6 boxes of beasts
 p - a lightning rod (4/4)
 r - 7 phantom mirrors
 B - 9 sacks of spiders
 R - a lamp of fire
 W - a fan of gales
Comestibles
 v - 36 rations


   Skills:
 - Level 10.0 Fighting
 - Level 10.0 Armour
 - Level 8.0 Dodging
 - Level 2.4 Stealth
 - Level 9.0 Shields
 - Level 18.1 Spellcasting
 * Level 19.7 Conjurations
 - Level 10.1 Hexes
 - Level 6.0 Charms
   Level 1.0 Summonings
 - Level 19.0 Necromancy
   Level 0.8 Translocations
 - Level 19.0 Transmutations
   Level 5.0 Fire Magic
 - Level 23.9 Ice Magic
 - Level 5.1 Air Magic
 - Level 25.0 Earth Magic
 - Level 12.0 Evocations


You couldn't memorise any spells.
You knew the following spells:

 Your Spells              Type           Power        Failure   Level  Hunger
a - Borgnjor's Vile Clut  Necr/Erth      ########..   1%          5    N/A
b - Shatter               Erth           ########..   3%          9    N/A
c - Bolt of Cold          Conj/Ice       ########..   1%          6    N/A
d - Necromutation         Tmut/Necr      ########..   2%          8    N/A
e - Glaciate              Conj/Ice       ########..   11%         9    N/A
f - Dispel Undead         Necr           ########     1%          5    N/A
g - Darkness              Hex            #######...   2%          6    N/A
h - Ozocubu's Armour      Chrm/Ice       ########     1%          3    N/A
i - Deflect Missiles      Chrm/Air       ######....   12%         6    N/A
j - Regeneration          Chrm/Necr      ########..   1%          3    N/A
z - Sublimation of Blood  Necr           ########..   1%          2    N/A

Your spell library contained the following spells:

 Spells                   Type           Power        Failure   Level  Hunger
 Animate Skeleton         Necr           N/A          1%          1    N/A
 Apportation              Tloc           #####.       1%          1    N/A
 Beastly Appendage        Tmut           ######       1%          1    N/A
 Confusing Touch          Hex            ######       1%          1    N/A
 Corona                   Hex            #######      1%          1    N/A
 Flame Tongue             Conj/Fire      #####        1%          1    N/A
 Infusion                 Chrm           ####         1%          1    N/A
 Magic Dart               Conj           ####         1%          1    N/A
 Pain                     Necr           ####         1%          1    N/A
 Sandblast                Erth           ######       1%          1    N/A
 Shock                    Conj/Air       ####         1%          1    N/A
 Sting                    Conj/Pois      ####         1%          1    N/A
 Summon Butterflies       Summ           #####...     1%          1    N/A
 Summon Small Mammal      Summ           ####         1%          1    N/A
 Call Imp                 Summ           #####...     1%          2    N/A
 Corpse Rot               Necr           N/A          1%          2    N/A
 Passwall                 Tmut/Erth      ########     1%          2    N/A
 Poisonous Vapours        Pois/Air       ######       1%          2    N/A
 Searing Ray              Conj           ######       1%          2    N/A
 Shroud of Golubria       Chrm/Tloc      ######....   1%          2    N/A
 Slow                     Hex            #######.     1%          2    N/A
 Song of Slaying          Chrm           ######..     1%          2    N/A
 Sticks to Snakes         Tmut           ########     1%          2    N/A
 Swiftness                Chrm/Air       ######..     1%          2    N/A
 Throw Flame              Conj/Fire      ######       1%          2    N/A
 Call Canine Familiar     Summ           #####...     1%          3    N/A
 Confuse                  Hex            #######.     1%          3    N/A
 Conjure Flame            Conj/Fire      #######.     1%          3    N/A
 Ignite Poison            Fire/Tmut/Pois #######.     1%          3    N/A
 Inner Flame              Hex/Fire       #######.     1%          3    N/A
 Mephitic Cloud           Conj/Pois/Air  #######.     1%          3    N/A
 Portal Projectile        Hex/Tloc       ######       1%          3    N/A
 Spectral Weapon          Hex/Chrm       #######.     1%          3    N/A
 Spider Form              Tmut/Pois      #######...   1%          3    N/A
 Static Discharge         Conj/Air       #######.     1%          3    N/A
 Stone Arrow              Conj/Erth      ######       1%          3    N/A
 Summon Guardian Golem    Hex/Summ       ######..     1%          3    N/A
 Tukima's Dance           Hex            #######.     1%          3    N/A
 Vampiric Draining        Necr           ########..   1%          3    N/A
 Airstrike                Air            ######....   1%          4    N/A
 Animate Dead             Necr           N/A          1%          4    N/A
 Cause Fear               Hex            #######...   1%          4    N/A
 Force Lance              Conj/Tloc      #######.     1%          4    N/A
 Fulminant Prism          Conj/Hex       ########..   1%          4    N/A
 Ice Form                 Ice/Tmut       ########     1%          4    N/A
 Iskenderun's Mystic Bla  Conj           ########     1%          4    N/A
 Leda's Liquefaction      Hex/Erth       ########..   1%          4    N/A
 Petrify                  Tmut/Erth      ########     1%          4    N/A
 Sticky Flame             Conj/Fire      #######.     1%          4    N/A
 Summon Ice Beast         Ice/Summ       #######.     1%          4    N/A
 Throw Icicle             Conj/Ice       ########     1%          4    N/A
 Agony                    Necr           ########     1%          5    N/A
 Alistair's Intoxication  Tmut/Pois      #######.     1%          5    N/A
 Blade Hands              Tmut           ########..   1%          5    N/A
 Bolt of Draining         Conj/Necr      ########..   1%          5    N/A
 Bolt of Magma            Conj/Fire/Erth ########..   1%          5    N/A
 Excruciating Wounds      Chrm/Necr      ########..   1%          5    N/A
 Fireball                 Conj/Fire      #######...   1%          5    N/A
 Irradiate                Conj/Tmut      ########..   1%          5    N/A
 Iskenderun's Battlesphe  Conj/Chrm      #######.     1%          5    N/A
 Lee's Rapid Deconstruct  Erth           ########..   1%          5    N/A
 Lightning Bolt           Conj/Air       #######...   1%          5    N/A
 Metabolic Englaciation   Hex/Ice        ########..   1%          5    N/A
 Silence                  Hex/Air        #######...   1%          5    N/A
 Venom Bolt               Conj/Pois      #######...   1%          5    N/A
 Yara's Violent Unravell  Hex/Tmut       ########..   1%          5    N/A
 Bolt of Fire             Conj/Fire      #######...   1%          6    N/A
 Conjure Ball Lightning   Conj/Air       #######...   1%          6    N/A
 Death Channel            Necr           ########..   1%          6    N/A
 Freezing Cloud           Conj/Ice/Air   ########..   1%          6    N/A
 Hydra Form               Tmut           ########..   1%          6    N/A
 Iron Shot                Conj/Erth      ########..   1%          6    N/A
 Ozocubu's Refrigeration  Ice            ########..   1%          6    N/A
 Simulacrum               Ice/Necr       ########..   1%          6    N/A
 Statue Form              Tmut/Erth      ########.    1%          6    N/A
 Dragon Form              Tmut           ########..   1%          7    N/A
 Orb of Destruction       Conj           ########..   1%          7    N/A
 Lehudib's Crystal Spear  Conj/Erth      ########..   1%          8    N/A
 Gell's Gravitas          Tloc           #####.....   2%          3    N/A
 Lesser Beckoning         Tloc           #####.....   2%          3    N/A
 Recall                   Summ/Tloc      N/A          2%          3    N/A
 Teleport Other           Tloc           #####...     2%          3    N/A
 Summon Lightning Spire   Summ/Air       ######..     2%          4    N/A
 Summon Mana Viper        Hex/Summ       ######..     2%          5    N/A
 Invisibility             Hex            #######.     2%          6    N/A
 Poison Arrow             Conj/Pois      #######...   2%          6    N/A
 Borgnjor's Revivificati  Necr           ########..   2%          8    N/A
 Infestation              Necr           ########..   2%          8    N/A
 Passage of Golubria      Tloc           N/A          6%          4    N/A
 Olgreb's Toxic Radiance  Pois           #####...     9%          4    N/A
 Spellforged Servitor     Conj/Summ      #######...   10%         7    N/A
 Haunt                    Necr/Summ      ########..   12%         7    N/A
 Summon Forest            Summ/Tloc      #####.....   14%         5    N/A
 Chain Lightning          Conj/Air       #######...   28%         8    N/A
 Death's Door             Chrm/Necr      ########..   28%         8    N/A
 Discord                  Hex            #######...   54%         8    N/A
 Dispersal                Tloc           #####.....   56%         6    N/A
 Malign Gateway           Summ/Tloc      #####.....   97%         7    N/A
 Summon Hydra             Summ           #####.....   97%         7    N/A
 Fire Storm               Conj/Fire      #######...   98%         9    N/A
 Ignition                 Fire           ######....   99%         8    N/A
 Disjunction              Tloc           #####.....   100%        8    N/A
 Tornado                  Air            ######....   100%        9    N/A
 Blink                    Tloc           Unusable     N/A         2    N/A
 Controlled Blink         Tloc           Unusable     N/A         8    N/A

Dungeon Overview and Level Annotations

Branches:
Dungeon (15/15)            Temple (1/1) D:7            Lair (6/6) D:10
  Swamp (4/4) Lair:3        Snake (4/4) Lair:3        Slime (0/5) Lair:6
    Orc (2/2) D:10            Elf (3/3) Orc:2        Vaults (5/5) D:13
  Crypt (3/3) Vaults:2       Tomb (3/3) Crypt:3      Depths (0/5) D:15

Altars:
Ashenzari
Cheibriados
Dithmenos
Elyvilon
Fedhas
Gozag
Hepliaklqana
Kikubaaqudgha
Makhleb
Nemelex Xobeh
Okawaru
Qazlal
Ru
Sif Muna
Trog
Uskayaw
Vehumet
Wu Jian
Xom
Yredelemnul
Zin
The Shining One
Beogh
Jiyva

Shops:
D:10 =(   D:12 (   D:13 :?[[[[==::   D:15 =   Orc:2 (%*[   Snake:1 [=(
Snake:2 *   Snake:3 *!   Tomb:3 :

Portals:
Trove: Elf:1 (give +3 ice dragon scales)


Innate Abilities, Weirdness & Mutations

You cannot be hasted, slowed, berserked, paralysed or teleported.
You can dig through walls and to a lower floor.
Your four strong arms can wield two-handed weapons with a shield.
You have a pair of large antennae on your head. (SInv)
You have sharp toenails.
You are partially covered in thin metallic scales. (AC +2)
Your magical capacity is low. (-10% MP)
Your spells are a little harder to cast, but a little more powerful.


Message History

The Tzitzimitl is heavily wounded.
The shadow dragon is no longer distracted by gold.
The shadow dragon is heavily wounded.
The soul eater is no longer distracted by gold.
The soul eater is heavily wounded.
The Tzitzimitl is no longer distracted by gold.
The Tzitzimitl roars!
The Tzitzimitl is moderately wounded.
The eidolon is engulfed in freezing vapours.
The Tzitzimitl becomes distracted by the nearby gold, dreaming of imaginary riches.
The profane servitor hits you with a +3 whip.
You feel as though you will be weak longer.
The profane servitor hits you but does no damage.
The spectral deep elf death mage is engulfed in freezing vapours.
The spectral deep elf death mage becomes distracted by the nearby gold, dreaming of imaginary riches.
The Tzitzimitl is engulfed in freezing vapours.
The Tzitzimitl gestures at you.
You convulse!
You die...
Your body crumbles into a pile of gold.

▓▓▓▓▓▓▓▓▓▓▓
▓▓...$..☼..D
▓▓...L○1☼○$.§
▓▓..≈AAZW°$.§§
▓▓...≈§§○°.°.§8
▓▓....≈≈§§○D1.§≈
▓▓.........○13...
▓▓...............A
▓.∩.........{.....
▓▓..............3.
▓▓............


You could see 2 profane servitors, a shadow dragon, 3 Tzitzimimeh, an eidolon, a
soul eater and a spectral deep elf death mage (unaware).

Vanquished Creatures
  A pandemonium lord (Zig:8)
  3 ancient liches
  Mara (Elf:3)
  2 juggernauts (Zig:6)
  27 greater mummies
  Frederick (Crypt:3)
  Boris (Crypt:3)
  Saint Roka (Elf:3)
  2 golden dragons
  A profane servitor (Zig:19)
  4 bone dragons
  A Tzitzimitl (Zig:19)
  8 liches
  2 Brimstone Fiends (Zig:11)
  A hellephant (Zig:7)
  6 tentacled monstrosities
  A Hell Sentinel (Zig:11)
  5 deep elf blademasters
  8 titans (Vaults:5)
  3 deep elf master archers
  A quicksilver dragon (Vaults:5)
  4 acid blobs
  9 sphinxes
  14 ancient champions
  7 tentacled starspawn
  9 shadow dragons
  The ghost of NeAGen181 the Severer, an adept HOFi of Lugonu (Snake:1)
  3 tengu reavers
  2 thorn hunters
  An azure jelly (Zig:10)
  8 nagarajas
  Donald (Swamp:1)
  Roxanne (Elf:3)
  A storm dragon (Vaults:3)
  6 revenants
  A draconian knight (Zig:4)
  2 fire giants
  6 frost giants
  2 corrupters (Zig:16)
  8 ghost moths
  2 cacodemons
  5 imperial myrmidons (Desolation)
  6 deep elf sorcerers
  Louise (D:14)
  3 orc warlords
  5 emperor scorpions (Zig:18)
  A balrug (Zig:8)
  2 curse skulls (Zig:9)
  16 ironheart preservers
  16 vault wardens
  5 ghouls
  10 deep elf elementalists
  7 war gargoyles
  4 reapers
  A blood saint (Zig:8)
  A green draconian (Zig:16)
  8 very ugly things
  8 entropy weavers
  16 bennus
  9 stone giants
  An entropy weaver (shapeshifter) (Vaults:2)
  10 vampire knights
  8 deep elf annihilators
  6 black suns (Zig:19)
  13 deep elf demonologists
  2 halazid warlocks (Desolation)
  3 spark wasps
  2 dire elephants
  2 yellow draconians
  A white draconian (Zig:2)
  A minotaur (Gauntlet)
  10 eidola
  3 crystal guardians (Crypt:3)
  14 deep elf death magi
  4 ettins
  A green death (Zig:8)
  7 fire dragons
  A blizzard demon (Zig:15)
  A death ooze (Zig:10)
  8 ragged hierophants (Desolation)
  8 deep elf high priests
  39 vault guards
  28 mummy priests
  7 great orbs of eyes
  2 quicksilver dragon skeletons
  A quicksilver dragon zombie (Zig:11)
  11 ice dragons
  Fannar (D:12)
  The ghost of Soduown the Unseen, a journeyman FeCj of Sif Muna (Lair:3)
  10 servants of whispers (Desolation)
  5 jiangshi
  3 rakshasas
  17 yaktaur captains
  15 hydras
  15 naga warriors
  10 peacekeepers
  Harold (D:8)
  Erolcha (D:12)
  A spriggan air mage (Zig:4)
  6 anacondas
  2 shambling mangroves
  3 catoblepae
  2 ghost crabs
  6 centaur warriors
  12 alligators
  The ghost of taheo the Severer, a novice MiBe of Trog (Orc:1)
  5 death knights
  4 tengu warriors
  20 death scarabs
  A hell hog (Zig:15)
  17 ogre magi
  48 two-headed ogres
  13 naga sharpshooters
  8 thrashing horrors
  A titan zombie (Crypt:3)
  8 vampire magi
  2 deep troll shamans (Vaults:2)
  3 deep troll earth magi
  7 shock serpents
  7 soul eaters
  3 orc high priests
  20 deep elf knights
  5 wretched stars
  A fire crab (shapeshifter) (Vaults:3)
  A fire crab (Lair:6)
  47 skeletal warriors
  10 flayed ghosts
  9 shadow wraiths
  A golden dragon zombie (Crypt:3)
  6 hell knights (Crypt:3)
  A wizard (Vaults:1)
  An entropy weaver zombie (Crypt:1)
  A ghost moth zombie (Crypt:3)
  A glowing orange brain (shapeshifter) (Vaults:1)
  5 spriggan druids
  3 storm dragon skeletons
  A shadow demon (Zig:16)
  An anaconda zombie (Tomb:2)
  6 spatial maelstroms
  A golden dragon skeleton (Crypt:3)
  3 naga ritualists (Snake:1)
  4 swamp dragons
  15 starcursed masses
  18 deep elf archers
  7 deep trolls
  2 unseen horrors
  14 necromancers
  2 orange crystal statues (Zig:8)
  18 phantasmal warriors
  18 ironbrand convokers
  33 orc knights
  3 wolf spider zombies
  38 ugly things
  A shadow dragon skeleton (Crypt:3)
  A tengu zombie (Zig:11)
  5 orc sorcerers
  7 harpies
  An anaconda skeleton (Tomb:2)
  5 mana vipers
  7 orb spiders
  89 deep elf magi
  2 tengu skeletons
  A mana viper (shapeshifter) (Vaults:5)
  18 wolf spiders
  An orb spider (shapeshifter) (Vaults:5)
  3 fire giant zombies
  A moth of wrath (Zig:14)
  A cyclops (shapeshifter) (Zig:17)
  An iron dragon zombie (Crypt:3)
  A stone giant zombie (Crypt:2)
  Joseph (Lair:1)
  A frost giant zombie (Vaults:5)
  3 manticores
  A fire giant skeleton (Crypt:3)
  4 ice statues
  8 cyclopes
  2 stone giant skeletons
  6 salamanders
  A shock serpent zombie (Crypt:2)
  4 elephants (Lair:3)
  2 frost giant skeletons
  2 torpor snails
  5 guardian serpents
  41 black mambas
  6 molten gargoyles
  19 vault sentinels
  A torpor snail (shapeshifter) (Vaults:5)
  3 apocalypse crabs
  3 gargoyles
  8 smoke demons
  9 naga magi
  13 large abominations
  5 rime drakes
  7 centaur skeletons
  17 spiny frogs
  A death yak zombie (Crypt:2)
  4 kobold demonologists (D:11)
  8 demonic crawlers
  An efreet (Zig:16)
  3 hellions
  A rime drake (shapeshifter) (Vaults:4)
  4 yaktaur zombies
  23 freezing wraiths
  18 komodo dragons
  39 yaktaurs
  59 guardian mummies
  A red draconian skeleton (Tomb:1)
  A yaktaur skeleton (D:14)
  A pale draconian skeleton (Crypt:1)
  3 red devils (Zig:11)
  A troll (shapeshifter) (Vaults:1)
  3 tengu conjurers
  A hydra zombie (Crypt:3)
  10 jumping spiders
  A polar bear (shapeshifter) (Vaults:2)
  10 trolls
  8 tyrant leeches
  6 ancient zymes
  A harpy zombie (Crypt:3)
  6 polar bears
  2 meliai (shapeshifter)
  A queen bee (D:11)
  31 slime creatures
  A meliai (D:15)
  12 hornets
  5 raiju
  18 blink frogs
  10 bog bodies
  6 hydra skeletons
  An ettin zombie (Tomb:1)
  A death drake skeleton (Crypt:2)
  17 dream sheep (Lair:6)
  7 hippogriffs
  61 saltlings (Desolation)
  A meliai zombie (D:14)
  A raiju (shapeshifter) (Vaults:3)
  69 flying skulls
  4 air elementals
  An ice dragon skeleton (Tomb:3)
  A tarantella (shapeshifter) (Vaults:2)
  12 redbacks
  3 spriggans (shapeshifter)
  8 wraiths
  5 shadows
  5 tarantellas (Zig:18)
  4 wyverns
  4 spriggans
  A fire dragon skeleton (D:14)
  Sigmund (D:5)
  A vampire (Zig:16)
  7 water elementals
  A wyvern (shapeshifter) (Vaults:5)
  18 ushabtiu
  7 basilisks
  64 yaks
  4 fire bats
  A ynoxinul (Zig:8)
  6 fire elementals
  Grum (Lair:1)
  7 neqoxecs
  A human (D:13)
  4 chaos spawn
  A steam dragon (Lair:6)
  20 vampire mosquitoes
  5 swamp worm simulacra (Swamp:4)
  A yaktaur simulacrum (Vaults:2)
  5 insubstantial wisps (Swamp:1)
  9 wargs
  53 nagas
  A two-headed ogre zombie (D:12)
  6 acid dragons
  A human zombie (D:13)
  2 soldier ants
  10 swamp worms
  A warg (shapeshifter) (Vaults:2)
  10 water moccasins
  Duvessa (D:7)
  12 hydra simulacra (Swamp:4)
  A water nymph skeleton (Crypt:1)
  9 porcupines
  6 hell hounds
  86 orc warriors
  3 small abominations
  8 swamp drakes
  6 ice beasts (IceCv)
  2 spiny frog skeletons (Lair:2)
  4 sky beasts
  2 black bears
  8 elf zombies
  6 eyes of draining
  2 necrophages
  31 ogres
  5 boggarts (D:15)
  2 manticore skeletons
  3 wolves (Lair:1)
  16 crocodiles
  2 orc skeletons
  A phantom (D:5)
  3 elf skeletons
  A dream sheep skeleton (Lair:2)
  An elf simulacrum (Zig:16)
  29 centaurs
  2 hippogriff zombies
  A bullfrog (shapeshifter) (Vaults:5)
  22 bullfrogs
  Blork the orc (D:5)
  3 big kobolds
  2 wyvern zombies
  A salamander zombie (Volcano)
  A cyclops zombie (D:13)
  A hippogriff skeleton (D:14)
  Dowan (D:7)
  7 earth elementals
  3 salamander skeletons (Volcano)
  A water moccasin zombie (Crypt:2)
  A water moccasin skeleton (Lair:2)
  4 scorpions
  3 wyvern skeletons
  A spriggan zombie (Crypt:2)
  A queen bee zombie (Crypt:2)
  A troll skeleton (Tomb:2)
  30 killer bees
  A polar bear skeleton (Crypt:1)
  29 wights
  2 electric eels
  4 howler monkeys
  A yak skeleton (Lair:2)
  9 crimson imps
  A human simulacrum (Vaults:2)
  5 lava snakes (Lair:6)
  2 bullfrog zombies
  3 centaur zombies
  7 draconian simulacra (IceCv)
  6 hounds
  2 bullfrog skeletons
  16 orc priests
  A gnoll shaman (Orc:2)
  8 jellies
  3 iguanas
  19 orc wizards
  10 worker ants
  4 hell rats (Lair:5)
  3 polar bear simulacra (IceCv)
  9 troll simulacra (IceCv)
  A wolf simulacrum (IceCv)
  2 killer bee zombies
  A spriggan simulacrum (IceCv)
  2 centaur simulacra (IceCv)
  3 acid dragon skeletons
  A big kobold skeleton (D:14)
  2 ogre skeletons
  3 hound skeletons
  42 mummies
  3 worker ant zombies
  17 gnolls
  3 orc zombies
  A river rat (D:3)
  12 adders
  An ogre simulacrum (IceCv)
  3 shadow imps
  12 white imps (IceCv)
  15 oozes
  3 swamp drake simulacra (Swamp:4)
  3 adder skeletons
  A halfling skeleton (Crypt:2)
  4 worms
  2 dart slugs
  21 leopard geckos
  81 orcs
  15 giant cockroaches
  19 goblins
  10 hobgoblins
  31 kobolds
  7 quokkas
  8 ball pythons
  2 ball python skeletons
  3 bats
  20 frilled lizards
  A frilled lizard skeleton (Crypt:2)
  2 jackal zombies
  A kobold skeleton (D:13)
  2 kobold zombies
  2 quokka skeletons
  A quokka zombie (D:6)
  6 rats
  18 blocks of ice
  2 fire vortices (Zig:16)
  2 fungi
  13 plants
  3 starspawn tentacles
3001 creatures vanquished.

Vanquished Creatures (collateral kills)
  A vault warden (Vaults:4)
  An ettin (Vaults:4)
  A centaur warrior (Vaults:4)
  A deep elf archer (Vaults:4)
  An ironbrand convoker (Vaults:4)
  2 orc knights (Vaults:4)
  An orc warrior (Vaults:4)
  2 killer bees (D:8)
10 creatures vanquished.

Vanquished Creatures (others)
  An azure jelly (Swamp:4)
  A war gargoyle (Crypt:3)
  35 dancing weapons
  A deep elf knight (Zig:17)
  An ugly thing (Vaults:1)
  A hornet zombie (D:14)
  An ogre (Vaults:3)
  A centaur (Volcano)
  An electric eel (Lair:3)
  11 blocks of ice
  A bush (Lair:6)
  11 fungi
  17 plants
  4 starspawn tentacles
87 creatures vanquished.

Grand Total: 3098 creatures vanquished

Notes
Turn   | Place    | Note
-------+----------+-------------------------------------------
     0 | D:1      | DildoBatman the Formicid Wizard began the quest for the
                  | Orb.
     0 | D:1      | Reached XP level 1. HP: 13/13 MP: 4/4
    34 | D:1      | Reached skill level 1 in Conjurations
   243 | D:1      | Reached XP level 2. HP: 8/19 MP: 1/6
   506 | D:1      | Found a shimmering altar of Xom.
   807 | D:1      | Reached XP level 3. HP: 24/24 MP: 5/7
   812 | D:1      | Learned a level 3 spell: Conjure Flame
   816 | D:1      | Learned a level 3 spell: Mephitic Cloud
  1433 | D:2      | Reached XP level 4. HP: 20/30 MP: 0/8
  1608 | D:2      | Reached XP level 5. HP: 22/35 MP: 0/9
  1721 | D:2      | Found an ancient bone altar of Kikubaaqudgha.
  1728 | D:2      | Became a worshipper of Kikubaaqudgha
  1863 | D:2      | Noticed an ogre
  2194 | D:2      | Found a glowing golden altar of the Shining One.
  2369 | D:3      | Found a glowing drain.
  2378 | Sewer    | Entered a sewer
  2676 | Sewer    | Reached * piety under Kikubaaqudgha
  2676 | Sewer    | Identified Kikubaaqudgha's Reference Book on Unholy Secrets
                  | (Kikubaaqudgha gifted it to you in a sewer)
  2676 | Sewer    | Received a gift from Kikubaaqudgha
  2681 | Sewer    | Learned a level 2 spell: Sublimation of Blood
  2775 | Sewer    | Reached XP level 6. HP: 41/41 MP: 5/10
  2803 | Sewer    | Reached skill level 5 in Conjurations
  2948 | Sewer    | Reached ** piety under Kikubaaqudgha
  3335 | D:3      | Reached XP level 7. HP: 46/46 MP: 4/11
  3830 | D:4      | Reached skill level 1 in Fire Magic
  3830 | D:4      | Reached skill level 1 in Air Magic
  4267 | D:4      | Found a sparkling altar of Nemelex Xobeh.
  4764 | D:5      | Entered Level 5 of the Dungeon
  4863 | D:5      | Reached *** piety under Kikubaaqudgha
  4863 | D:5      | Identified Kikubaaqudgha's Papyrus of Sinister Rituals
                  | (Kikubaaqudgha gifted it to you on level 5 of the Dungeon)
  4863 | D:5      | Received a gift from Kikubaaqudgha
  4863 | D:5      | Reached XP level 8. HP: 40/52 MP: 4/12
  5479 | D:5      | Reached skill level 5 in Fire Magic
  5647 | D:5      | Noticed Sigmund
  5662 | D:5      | Killed Sigmund
  5662 | D:5      | Reached skill level 5 in Air Magic
  5662 | D:5      | Reached XP level 9. HP: 57/57 MP: 2/13
  5733 | D:5      | Found a deep blue altar of Sif Muna.
  5755 | D:5      | Noticed Blork the orc
  5762 | D:5      | Killed Blork the orc
  5819 | D:6      | Reached skill level 5 in Spellcasting
  5877 | D:6      | Reached **** piety under Kikubaaqudgha
  5973 | D:6      | Found a bloodstained altar of Trog.
  6209 | D:6      | Found a shattered altar of Ashenzari.
  6353 | D:6      | Learned a level 3 spell: Regeneration
  6359 | D:6      | Learned a level 5 spell: Borgnjor's Vile Clutch
  6385 | D:7      | Found an iron altar of Okawaru.
  6483 | D:7      | Reached skill level 1 in Earth Magic
  6534 | D:7      | Found a blossoming altar of Fedhas.
  6585 | D:7      | Reached skill level 1 in Necromancy
  6712 | D:7      | Found a staircase to the Ecumenical Temple.
  6713 | D:7      | Noticed Duvessa
  6714 | D:7      | Noticed Dowan
  6734 | D:7      | Killed Duvessa
  6734 | D:7      | Reached skill level 1 in Charms
  6734 | D:7      | Reached skill level 2 in Earth Magic
  6735 | D:7      | Killed Dowan
  6830 | Temple   | Entered the Ecumenical Temple
  7109 | D:7      | Reached XP level 10. HP: 63/63 MP: 18/20
  7113 | D:7      | Found a hide-covered altar of Uskayaw.
  7113 | D:7      | Found a sparkling altar of Nemelex Xobeh.
  7113 | D:7      | Found a basalt altar of Yredelemnul.
  7289 | D:8      | Found a radiant altar of Vehumet.
  7318 | D:8      | Reached skill level 3 in Earth Magic
  7545 | D:8      | Reached skill level 4 in Earth Magic
  7767 | D:8      | Noticed Harold
  7777 | D:8      | Noticed a two-headed ogre
  7785 | D:8      | Killed a two-headed ogre
  7811 | D:8      | Killed Harold
  7811 | D:8      | Reached skill level 5 in Earth Magic
  8068 | D:8      | Reached skill level 6 in Earth Magic
  8127 | D:9      | Reached skill level 5 in Necromancy
  8150 | D:9      | Noticed a centaur warrior
  8168 | D:9      | Killed a centaur warrior
  8238 | D:9      | Reached skill level 7 in Earth Magic
  8238 | D:9      | Reached XP level 11. HP: 67/68 MP: 12/21
  8282 | D:9      | Found a glowing silver altar of Zin.
  8377 | D:9      | Found a flagged portal.
  8402 | Bailey   | Entered a bailey
  8420 | Bailey   | Noticed an orc warlord
  8600 | Bailey   | Reached ***** piety under Kikubaaqudgha
  8629 | Bailey   | Found a runed translucent gate.
  8631 | Bailey   | Found a runed translucent gate.
  8633 | Bailey   | Found a runed translucent gate.
  8696 | Bailey   | Killed an orc warlord
  8696 | Bailey   | Reached skill level 8 in Earth Magic
  8903 | D:9      | Reached skill level 9 in Earth Magic
  9243 | D:10     | Entered Level 10 of the Dungeon
  9542 | D:10     | Found a staircase to the Lair.
  9558 | D:10     | Found Qes Turag's Jewellery Boutique.
  9745 | D:10     | Noticed an orc knight
  9769 | D:10     | Killed an orc knight
  9798 | D:10     | Found a staircase to the Orcish Mines.
  9801 | D:10     | Found Qoupepus's Weapon Shoppe.
 10315 | Orc:1    | Entered Level 1 of the Orcish Mines
 10433 | Orc:1    | Found a large runed translucent door.
 10433 | Orc:1    | Found a large runed translucent door.
 10433 | Orc:1    | Noticed taheo's ghost (novice MiBe)
 10444 | Orc:1    | Learned a level 5 spell: Dispel Undead
 10610 | Orc:1    | Noticed an orc knight
 10620 | Orc:1    | Killed an orc knight
 10632 | Orc:1    | Reached skill level 1 in Shields
 10897 | Orc:1    | Killed taheo's ghost
 10897 | Orc:1    | Reached XP level 12. HP: 40/74 MP: 2/24
 10937 | Orc:2    | Entered Level 2 of the Orcish Mines
 11193 | Orc:2    | Reached skill level 5 in Shields
 11534 | Orc:2    | Reached skill level 1 in Fighting
 11534 | Orc:2    | Reached skill level 1 in Armour
 11546 | Orc:2    | Noticed an orc high priest
 11573 | Orc:2    | Killed an orc high priest
 11584 | Orc:2    | Reached ****** piety under Kikubaaqudgha
 11587 | Orc:2    | Received a gift from Kikubaaqudgha
 11591 | Orc:2    | Fell from the grace of Kikubaaqudgha
 11774 | Temple   | Became a worshipper of Gozag Ym Sagoz the Greedy
 11945 | Orc:2    | Found a staircase to the Elven Halls.
 12442 | Orc:2    | Found Semub's Food Emporium.
 12442 | Orc:2    | Found Fiehij's Assorted Antiques.
 12444 | Orc:2    | Found Cigrib's Antique Armour Boutique.
 12446 | Orc:2    | Found Huugi's Weapon Shoppe.
 12451 | Orc:2    | Bought a dark potion for 18 gold pieces
 12451 | Orc:2    | Bought a scroll of identify for 42 gold pieces
 12451 | Orc:2    | Bought a potion of curing for 63 gold pieces
 12451 | Orc:2    | Bought a potion of agility for 84 gold pieces
 12968 | D:11     | Reached XP level 13. HP: 88/88 MP: 20/25
 13278 | D:11     | Found a shadowy altar of Dithmenos.
 13446 | D:11     | Reached skill level 5 in Fighting
 13446 | D:11     | Reached skill level 5 in Armour
 13559 | D:11     | Reached skill level 5 in Dodging
 13845 | D:12     | Found a gate leading to a gauntlet.
 13863 | Gauntlet | Entered a Gauntlet
 13863 | Gauntlet | Found a transporter.
 13863 | Gauntlet | Found a transporter.
 13863 | Gauntlet | Found a transporter.
 13872 | Gauntlet | Found a runed translucent door.
 13875 | Gauntlet | Found a transporter.
 13876 | Gauntlet | Found a transporter.
 13887 | Gauntlet | Found a transporter.
 13887 | Gauntlet | Found a transporter.
 13890 | Gauntlet | Noticed a catoblepas
 13895 | Gauntlet | Found a transporter.
 13913 | Gauntlet | Found a transporter.
 13913 | Gauntlet | Noticed a balrug
 13919 | Gauntlet | Found a transporter.
 13921 | Gauntlet | Found a transporter.
 13931 | Gauntlet | Found a transporter.
 14181 | Gauntlet | Gained mutation: Your magical capacity is low. (-10% MP) [a
                  | neqoxec]
 14234 | Gauntlet | Killed a catoblepas
 14259 | Gauntlet | Got a faintly humming hat
 14269 | Gauntlet | Identified the cursed +0 bardiche "Dafom" {chop, -Tele rN+
                  | Int+3 Dex+8}
 14269 | Gauntlet | Noticed a minotaur
 14286 | Gauntlet | Killed a minotaur
 14355 | Gauntlet | Identified a +1 pair of boots of running (You found it in a
                  | Gauntlet)
 14364 | Gauntlet | Got a smoking chain mail
 14388 | D:12     | Identified the +5 chain mail of a Hundred Orbs {Str+2 Int+2
                  | Stlth+} (You found it in a Gauntlet)
 14423 | D:12     | Noticed Erolcha
 14497 | D:12     | Killed Erolcha
 14668 | D:12     | Noticed Fannar
 14674 | D:12     | Killed Fannar
 14794 | D:12     | Found Duniykaj's Weapon Shoppe.
 15221 | D:13     | Found a runed translucent door.
 15221 | D:13     | Noticed a fire dragon
 15221 | D:13     | Noticed a fire dragon
 15223 | D:13     | Noticed an ice dragon
 15223 | D:13     | Noticed an ice dragon
 15224 | D:13     | Found the +2 shield of Resistance {rF+ rC+ MR+}
 15224 | D:13     | Found a runed translucent door.
 15260 | D:13     | Reached skill level 10 in Spellcasting
 15260 | D:13     | Reached XP level 14. HP: 94/101 MP: 15/25
 15946 | D:13     | Found a gate to the Vaults.
 16862 | D:14     | Noticed Louise
 16884 | D:14     | Noticed a reaper
 17204 | D:14     | Reached XP level 15. HP: 112/112 MP: 27/27
 17721 | D:14     | Killed Louise
 18210 | Lair:1   | Entered Level 1 of the Lair of Beasts
 18360 | Lair:1   | Noticed Joseph
 18373 | Lair:1   | Killed Joseph
 18411 | Lair:1   | Reached skill level 10 in Fighting
 18416 | Lair:1   | Reached skill level 10 in Armour
 18447 | Lair:1   | Noticed Grum
 18460 | Lair:1   | Killed Grum
 18557 | Lair:1   | Found a dark tunnel.
 18569 | Lair:1   | Lost mutation: Your magical capacity is low. (-10% MP)
                  | [potion of mutation]
 18569 | Lair:1   | Gained mutation: Your mind is acute. (Int +2) [potion of
                  | mutation]
 18569 | Lair:1   | Gained mutation: You expend magic power (3 MP) to
                  | strengthen your wands. [potion of mutation]
 18569 | Lair:1   | Lost mutation: You expend magic power (3 MP) to strengthen
                  | your wands. [potion of mutation]
 18569 | Lair:1   | Gained mutation: You are partially covered in large bone
                  | plates. (SH +4) [potion of mutation]
 18570 | Lair:1   | Lost mutation: You are partially covered in large bone
                  | plates. (SH +4) [potion of mutation]
 18570 | Lair:1   | Lost mutation: Your mind is acute. (Int +2) [potion of
                  | mutation]
 18570 | Lair:1   | Gained mutation: Potions are less effective at restoring
                  | your health. [potion of mutation]
 18570 | Lair:1   | Gained mutation: You are covered in fur. (AC +1) [potion of
                  | mutation]
 18570 | Lair:1   | Gained mutation: You have an increased reservoir of magic.
                  | (+10% MP) [potion of mutation]
 18571 | Lair:1   | Lost mutation: Potions are less effective at restoring your
                  | health. [potion of mutation]
 18571 | Lair:1   | Gained mutation: You have sharp fingernails. [potion of
                  | mutation]
 18571 | Lair:1   | Gained mutation: You are resistant to hostile enchantments.
                  | (MR+) [potion of mutation]
 18574 | Volcano  | Entered a volcano
 19910 | Lair:2   | Was forgiven by Kikubaaqudgha
 20175 | Lair:3   | Found a runed translucent door.
 20177 | Lair:3   | Noticed Soduown's ghost (journeyman FeCj)
 20182 | Lair:3   | Killed Soduown's ghost
 20286 | Lair:3   | Found a staircase to the Swamp.
 20533 | Lair:3   | Found a staircase to the Snake Pit.
 20936 | Lair:4   | Found a frozen archway.
 21003 | IceCv    | Entered an ice cave
 21013 | IceCv    | Reached XP level 16. HP: 118/121 MP: 30/37
 21430 | IceCv    | Found an ancient bone altar of Kikubaaqudgha.
 22651 | Lair:5   | Reached skill level 15 in Spellcasting
 23257 | Lair:6   | Entered Level 6 of the Lair of Beasts
 23736 | Lair:6   | Found a runed translucent door.
 23745 | Lair:6   | Found a viscous altar of Jiyva.
 23746 | Lair:6   | Noticed an acid blob
 23747 | Lair:6   | Found a staircase to the Slime Pits.
 23747 | Lair:6   | Noticed an acid blob
 23991 | Lair:6   | Found a large runed translucent door.
 24054 | Lair:6   | Found a large runed translucent door.
 25004 | D:15     | Entered Level 15 of the Dungeon
 25057 | D:15     | Found Qubril's Jewellery Shop.
 25189 | D:15     | Reached XP level 17. HP: 127/127 MP: 23/41
 25683 | D:15     | Found a staircase to the Depths.
 26129 | Snake:1  | Entered Level 1 of the Snake Pit
 26241 | Snake:1  | Found Butoanto's Antique Weapon Shoppe.
 26260 | Snake:1  | Found Tuutirou's Jewellery Emporium.
 26262 | Snake:1  | Found Ifoshahe's Armour Shoppe.
 26266 | Snake:1  | Bought a jewelled falchion for 296 gold pieces
 26270 | Snake:1  | Identified the +6 falchion of Naatamn {freeze, Str-3 Int+6}
                  | (You bought it in a shop on level 1 of the Snake Pit)
 26329 | Snake:1  | Found a runed translucent door.
 26330 | Snake:1  | Found a shimmering altar of Xom.
 26330 | Snake:1  | Noticed NeAGen181's ghost (adept HOFi)
 26348 | Snake:1  | Killed NeAGen181's ghost
 26351 | Snake:1  | Identified Iheikh's Guide on the Entourage and Ice
 26366 | Snake:1  | Learned a level 3 spell: Ozocubu's Armour
 26719 | Snake:1  | Reached skill level 10 in Earth Magic
 26722 | Snake:1  | Reached skill level 1 in Ice Magic
 26859 | Snake:1  | Reached skill level 10 in Necromancy
 26892 | Snake:1  | Reached skill level 5 in Charms
 27534 | Snake:2  | Found Idauresi's General Store.
 27576 | Snake:2  | Bought a potion of agility for 68 gold pieces
 27625 | Snake:2  | Reached skill level 5 in Ice Magic
 27827 | Snake:3  | Found Hunt's Distillery.
 27833 | Snake:3  | Bought a potion of agility for 60 gold pieces
 27833 | Snake:3  | Bought a potion of agility for 60 gold pieces
 27833 | Snake:3  | Bought a potion of brilliance for 60 gold pieces
 27833 | Snake:3  | Bought a potion of heal wounds for 75 gold pieces
 27833 | Snake:3  | Bought a potion of curing for 45 gold pieces
 28067 | Snake:3  | Reached skill level 11 in Earth Magic
 28191 | Snake:3  | Reached XP level 18. HP: 122/133 MP: 34/43
 28361 | Snake:3  | Found Cikucvukh's Mass Market.
 28511 | Snake:4  | Entered Level 4 of the Snake Pit
 28795 | Snake:4  | Found a sacrificial altar of Ru.
 29076 | Snake:4  | Reached skill level 10 in Ice Magic
 29647 | Snake:4  | Got a serpentine rune of Zot
 29986 | Swamp:1  | Entered Level 1 of the Swamp
 30484 | Swamp:1  | Reached skill level 12 in Earth Magic
 30705 | Swamp:1  | Noticed Donald
 30718 | Swamp:1  | Killed Donald
 31233 | Swamp:2  | Reached XP level 19. HP: 124/139 MP: 38/44
 32080 | Swamp:3  | Learned a level 6 spell: Bolt of Cold
 32936 | Swamp:4  | Entered Level 4 of the Swamp
 33911 | Swamp:4  | Got a decaying rune of Zot
 34227 | Vaults:1 | Entered Level 1 of the Vaults
 34247 | D:13     | You fall through a shaft!
 34949 | Vaults:1 | Reached XP level 20. HP: 127/147 MP: 29/45
 34952 | Vaults:1 | Reached skill level 15 in Necromancy
 36515 | Vaults:2 | Found a ruined gateway.
 36548 | Desolati | Entered the Desolation of Salt
 36819 | Desolati | Identified Jeachubi's Volume of Warped Confrontation
 36826 | Desolati | Got a twitching turquoise ring
 36829 | Desolati | Identified the ring of Givveatycs {Str+2 Int+3} (You found
                  | it in the Desolation of Salt)
 37103 | Desolati | Reached XP level 21. HP: 153/153 MP: 11/46
 37194 | Desolati | Identified Lakk's Handbook of Contamination and the
                  | Mountains
 37198 | Desolati | Got a coiled wooden ring
 37201 | Desolati | Identified the ring "Piumpoam" {MP+9 Int+3} (You found it
                  | in the Desolation of Salt)
 37442 | Desolati | Identified the ring of the Hippo {Str+3 Stlth+}
 37492 | Desolati | Got a brightly glowing robe
 37494 | Desolati | Got an encrusted scale mail
 37526 | Desolati | Got a slimy spear
 37917 | Vaults:2 | Identified the +5 spear of Guile {holy, rF+ rC++} (You
                  | found it in the Desolation of Salt)
 37937 | Vaults:2 | Identified the cursed +1 robe of the Black Skies {rF- rN+
                  | Str+4} (You found it in the Desolation of Salt)
 37950 | Vaults:2 | Identified the cursed +0 scale mail of Riss {Dex+4} (You
                  | found it in the Desolation of Salt)
 37969 | Vaults:2 | Identified 2 scrolls of acquirement
 38157 | Vaults:2 | Learned a level 8 spell: Necromutation
 38164 | Vaults:2 | Reached skill level 1 in Transmutations
 38422 | Vaults:2 | Noticed a Brimstone Fiend
 38583 | Vaults:2 | Reached skill level 5 in Transmutations
 38612 | Vaults:2 | Got a tattered robe
 39184 | Vaults:2 | Reached XP level 22. HP: 108/159 MP: 19/47
 39270 | Vaults:2 | Reached skill level 10 in Transmutations
 39611 | Vaults:2 | Found a staircase to the Crypt.
 39744 | Vaults:2 | Identified the +2 robe of the Gusle {rN+} (You found it on
                  | level 2 of the Vaults)
 41274 | Elf:1    | Entered Level 1 of the Elven Halls
 41296 | Elf:1    | Found a radiant altar of Vehumet.
 41523 | Elf:1    | Reached skill level 15 in Transmutations
 41633 | Elf:1    | Identified Kikubaaqudgha's Catalogue of Necromancy
 41920 | Elf:1    | Found a portal to a secret trove of treasure.
 41924 | Elf:1    | Reached XP level 23. HP: 165/165 MP: 48/48
 42510 | Elf:2    | Found a runed translucent gate.
 42510 | Elf:2    | Found a runed translucent gate.
 42514 | Elf:2    | Found a runed translucent gate.
 43046 | Elf:3    | Entered Level 3 of the Elven Halls
 43238 | Elf:3    | Identified the ring "Ilaop Geunk" {rF+ MP+9}
 43321 | Elf:3    | Noticed Mara
 43330 | Elf:3    | Noticed DildoBatman's illusion
 43336 | Elf:3    | Killed Mara
 43398 | Elf:3    | Identified the ring "Maept" {rF+ AC+1}
 43426 | Elf:3    | Identified the +2 chain mail of Iwosiros {*Contam rN+ MR-
                  | Int+8}
 43426 | Elf:3    | Noticed Saint Roka
 43435 | Elf:3    | Killed Saint Roka
 43478 | Elf:3    | Identified the ring of Wushang {-Tele *Slow rN+ MP+9 Dex+8}
 43497 | Elf:3    | Identified the +2 falchion "Xeug" {protect, MR+}
 43591 | Elf:3    | Reached skill level 1 in Evocations
 43591 | Elf:3    | Reached XP level 24. HP: 135/172 MP: 21/49
 43792 | Elf:3    | Identified the Catalogue of Conjuration and the Rocks
 43811 | Elf:3    | Identified Plog's Handbook of Shifting Arcane Weapons
 44230 | Elf:3    | Identified Roxanne's Catalogue of the Mountains
 44230 | Elf:3    | Noticed Roxanne
 44245 | Elf:3    | Killed Roxanne
 44405 | Elf:3    | Got a crystal hand crossbow
 44413 | Elf:3    | Got a translucent chain mail
 44424 | Elf:3    | Got a pair of encrusted gloves
 44441 | Elf:3    | Identified the +5 hand crossbow "Olaoh" {elec, rPois Dex+3}
                  | (You found it on level 3 of the Elven Halls)
 44474 | Elf:3    | Identified the +0 chain mail "Fotz" {rF+ Str+3 Int-3} (You
                  | found it on level 3 of the Elven Halls)
 44490 | Elf:3    | Identified the +0 pair of gloves "Qyickuth" {Str+5} (You
                  | found it on level 3 of the Elven Halls)
 44536 | Elf:3    | Reached skill level 5 in Evocations
 44536 | Elf:3    | Reached XP level 25. HP: 177/177 MP: 49/49
 45326 | D:13     | Identified the Incunabulum of the Destructive Mountains
                  | (You acquired it on level 13 of the Dungeon)
 45333 | D:13     | Identified Vayhask's Volume of the Unstable Glacier (You
                  | acquired it on level 13 of the Dungeon)
 45344 | D:13     | Bought the +5 robe of Night {Dark MR+ SInv} for 960 gold
                  | pieces
 45344 | D:13     | Found the +5 robe of Night {Dark MR+ SInv}
 45351 | D:13     | Bought a manual of Shields for 2318 gold pieces
 45357 | D:13     | Bought a pair of encrusted boots for 285 gold pieces
 45368 | D:13     | Identified the +1 pair of boots of the Five Spirits {rF+
                  | rC+} (You bought it in a shop on level 13 of the Dungeon)
 45384 | D:13     | Bought a scroll of identify for 44 gold pieces
 45384 | D:13     | Bought a scroll of identify for 44 gold pieces
 45384 | D:13     | Bought a scroll of identify for 44 gold pieces
 45384 | D:13     | Bought a scroll of amnesia for 77 gold pieces
 45384 | D:13     | Bought a scroll of immolation for 77 gold pieces
 45463 | D:13     | Lost mutation: You are covered in fur. (AC +1) [potion of
                  | mutation]
 45463 | D:13     | Lost mutation: You have an increased reservoir of magic.
                  | (+10% MP) [potion of mutation]
 45463 | D:13     | Lost mutation: You are resistant to hostile enchantments.
                  | (MR+) [potion of mutation]
 45463 | D:13     | Lost mutation: You have sharp fingernails. [potion of
                  | mutation]
 45463 | D:13     | Gained mutation: You are partially covered in yellow
                  | scales. (AC +2) [potion of mutation]
 45463 | D:13     | Gained mutation: You are partially covered in thin metallic
                  | scales. (AC +2) [potion of mutation]
 45464 | D:13     | Lost mutation: You are partially covered in yellow scales.
                  | (AC +2) [potion of mutation]
 45464 | D:13     | Gained mutation: You have sharp toenails. [potion of
                  | mutation]
 45464 | D:13     | Gained mutation: Your spells are a little harder to cast,
                  | but a little more powerful. [potion of mutation]
 46045 | Crypt:1  | Entered Level 1 of the Crypt
 46261 | Vaults:4 | Reached skill level 13 in Earth Magic
 46420 | Vaults:4 | Reached skill level 14 in Earth Magic
 46482 | Vaults:4 | Reached skill level 15 in Earth Magic
 46633 | Vaults:4 | Found a flickering gateway to a bazaar.
 46646 | Bazaar   | Entered a bazaar
 46652 | Bazaar   | Found Keoxyz's Book Shop.
 46652 | Bazaar   | Found Megonkuass's Jewellery Boutique.
 46660 | Bazaar   | Identified the Collected Works on Enchanting Venom
 46672 | Bazaar   | Bought a book of Annihilations for 1545 gold pieces
 46814 | Crypt:1  | Learned a level 9 spell: Shatter
 47015 | Vaults:4 | Found a roughly hewn altar of Beogh.
 47271 | Vaults:4 | Reached skill level 16 in Earth Magic
 47981 | Crypt:1  | Reached skill level 17 in Earth Magic
 47981 | Crypt:1  | Reached XP level 26. HP: 77/184 MP: 0/45
 48782 | Crypt:2  | Reached skill level 18 in Earth Magic
 49065 | Crypt:2  | Gained mutation: Your magical capacity is low. (-10% MP)
                  | [miscasting Necromutation]
 49110 | Crypt:2  | Got a shimmering leather armour
 49129 | Crypt:2  | Reached skill level 19 in Earth Magic
 49492 | Crypt:2  | Got an ichor-stained shortbow
 49496 | Crypt:2  | Identified the +12 shortbow "Keemean" {freeze, +Fly rPois
                  | rN+++ Dex-3} (You found it on level 2 of the Crypt)
 49507 | Crypt:2  | Identified the cursed +1 leather armour "Winoafipp" {+Inv
                  | rF- rN+ Int+5} (You found it on level 2 of the Crypt)
 49770 | Crypt:3  | Entered Level 3 of the Crypt
 49856 | Crypt:3  | Noticed Frederick
 49866 | Crypt:3  | Killed Frederick
 49996 | Crypt:3  | Reached skill level 20 in Earth Magic
 50111 | Crypt:3  | Noticed Boris
 50116 | Crypt:3  | Killed Boris
 50534 | Crypt:3  | Found an ancient bone altar of Kikubaaqudgha.
 50535 | Crypt:3  | Noticed an ancient lich
 50538 | Crypt:3  | Killed an ancient lich
 50538 | Crypt:3  | Reached skill level 21 in Earth Magic
 50576 | Crypt:3  | Found a staircase to the Tomb.
 50577 | Crypt:3  | Found the +6 Majin-Bo {vamp, Archmagi MP+6 Int+6}
 50808 | Crypt:3  | Reached XP level 27. HP: 189/190 MP: 21/40
 51553 | Tomb:1   | Entered Level 1 of the Tomb of the Ancients
 52066 | Tomb:1   | Reached skill level 22 in Earth Magic
 52390 | Tomb:1   | Noticed a greater mummy
 52449 | Tomb:1   | Killed a greater mummy
 52514 | Tomb:1   | Noticed a greater mummy
 52530 | Tomb:1   | Killed a greater mummy
 52704 | Tomb:1   | Got a brightly glowing leather armour
 53107 | Tomb:1   | Identified the +6 leather armour "Ahaajot" {rElec rF+ rC+++
                  | Str-2} (You found it on level 1 of the Tomb of the
                  | Ancients)
 53125 | Tomb:1   | Noticed a greater mummy
 53127 | Tomb:1   | Noticed a greater mummy
 53134 | Tomb:1   | Killed a greater mummy
 53134 | Tomb:1   | Reached skill level 23 in Earth Magic
 53134 | Tomb:1   | Noticed a greater mummy
 53139 | Tomb:1   | Killed a greater mummy
 53144 | Tomb:1   | Killed a greater mummy
 53237 | Tomb:1   | Noticed a greater mummy
 53242 | Tomb:1   | Noticed a greater mummy
 53250 | Tomb:1   | Killed a greater mummy
 53251 | Tomb:1   | Noticed a greater mummy
 53255 | Tomb:1   | Killed a greater mummy
 53263 | Tomb:1   | Killed a greater mummy
 53283 | Tomb:1   | Noticed a greater mummy
 53292 | Tomb:1   | Killed a greater mummy
 53292 | Tomb:1   | Reached skill level 24 in Earth Magic
 53376 | Tomb:1   | Noticed a greater mummy
 53382 | Tomb:1   | Killed a greater mummy
 53382 | Tomb:1   | Noticed a greater mummy
 53388 | Tomb:1   | Killed a greater mummy
 53514 | Tomb:1   | Noticed a greater mummy
 53524 | Tomb:1   | Killed a greater mummy
 53539 | Tomb:1   | Noticed a greater mummy
 53545 | Tomb:1   | Killed a greater mummy
 53566 | Tomb:1   | Noticed a greater mummy
 53578 | Tomb:1   | Noticed a greater mummy
 53579 | Tomb:1   | Killed a greater mummy
 53587 | Tomb:1   | Killed a greater mummy
 53626 | Tomb:1   | Noticed a greater mummy
 53635 | Tomb:1   | Killed a greater mummy
 53653 | Tomb:1   | Reached skill level 25 in Earth Magic
 53994 | Tomb:2   | Noticed a greater mummy
 53995 | Tomb:2   | Noticed a greater mummy
 54002 | Tomb:2   | Killed a greater mummy
 54002 | Tomb:2   | Killed a greater mummy
 54002 | Tomb:2   | Reached skill level 15 in Ice Magic
 54004 | Tomb:2   | Noticed a greater mummy
 54119 | Tomb:2   | Noticed a greater mummy
 54127 | Tomb:2   | Killed a greater mummy
 54127 | Tomb:2   | Killed a greater mummy
 55276 | Crypt:1  | Learned a level 6 spell: Bolt of Cold
 55381 | D:13     | Bought the +3 shield "Vujuh" {rElec rCorr SInv Stlth-} for
                  | 586 gold pieces
 55757 | Vaults:5 | Entered Level 5 of the Vaults
 56034 | Vaults:5 | Reached skill level 10 in Conjurations
 56348 | Vaults:5 | Identified the ring of Yqellyg {rF+ Str+4}
 56649 | Vaults:5 | Found the +10 large shield of Ignorance {rN+ Int-4}
 56881 | Vaults:5 | Identified the +4 great mace of Koasoull {crush, +Rage MR+
                  | Str-5}
 57387 | Vaults:5 | Got a silver rune of Zot
 57476 | Vaults:5 | Identified the Incunabulum of the Stoat
 58004 | Vaults:5 | Identified the Disquisition on Venom and the Blaze
 58351 | Vaults:5 | Got a pair of steaming boots
 58532 | Crypt:1  | Identified the +1 pair of boots of Henotheism {rF- Str+7
                  | Int-5 Dex+4} (You found it on level 5 of the Vaults)
 58919 | Tomb:2   | Learned a level 2 spell: Passwall
 58922 | Tomb:2   | Learned a level 2 spell: Swiftness
 58932 | Tomb:2   | Learned a level 9 spell: Glaciate
 58958 | Tomb:3   | Entered Level 3 of the Tomb of the Ancients
 58967 | Tomb:3   | Noticed a greater mummy
 58969 | Tomb:3   | Noticed a greater mummy
 58978 | Tomb:3   | Killed a greater mummy
 59104 | Tomb:3   | Noticed a greater mummy
 59104 | Tomb:3   | Noticed a greater mummy
 59109 | Tomb:3   | Killed a greater mummy
 59112 | Tomb:3   | Noticed a greater mummy
 59114 | Tomb:3   | Noticed an ancient lich
 59118 | Tomb:3   | Noticed a greater mummy
 59118 | Tomb:3   | Noticed a greater mummy
 59142 | Tomb:2   | Killed an ancient lich
 59288 | Tomb:3   | Killed a greater mummy
 59288 | Tomb:3   | Killed a greater mummy
 59291 | Tomb:3   | Killed a greater mummy
 59300 | Tomb:3   | Killed a greater mummy
 59448 | Tomb:3   | Killed a greater mummy
 59449 | Tomb:3   | Identified the Incunabulum of Doomed Enchantment
 59769 | Tomb:3   | Found the +3 pair of gauntlets of War {Slay+5}
 59771 | Tomb:3   | Found the +3 crown of Dyrovepreva {rElec Int+2 SInv}
 59825 | Tomb:3   | Got a slimy turquoise ring
 59847 | Tomb:3   | Identified the Papyrus of Earth and Conjuration
 59920 | Tomb:3   | Got a golden rune of Zot
 60017 | Tomb:3   | Identified the ring of Veoroti {rPois MR+ MP+9 Int+3} (You
                  | found it on level 3 of the Tomb of the Ancients)
 60080 | Tomb:3   | Got a smoking scimitar
 60082 | Tomb:3   | Got a transparent broad axe
 60084 | Tomb:3   | Identified the +8 scimitar "Cusown Zyen" {pain, Str+5 SInv}
                  | (You found it on level 3 of the Tomb of the Ancients)
 60086 | Tomb:3   | Identified the cursed +1 broad axe of Hubris {drain, rF+
                  | Str+4} (You found it on level 3 of the Tomb of the
                  | Ancients)
 60090 | Tomb:3   | Got a wizard robe
 60101 | Tomb:3   | Identified the +0 robe of Mowuh {rF- rC+ MR+ Str+2} (You
                  | found it on level 3 of the Tomb of the Ancients)
 60161 | Tomb:3   | Got a bloodstained robe
 60172 | Tomb:3   | Identified the +0 robe "Cefirud" {rF+ rC++} (You found it
                  | on level 3 of the Tomb of the Ancients)
 60210 | Tomb:3   | Bought a manual of Ice Magic for 1656 gold pieces
 60218 | Tomb:3   | Learned a level 6 spell: Darkness
 60222 | Zig:1    | Entered Level 1 of a ziggurat
 60429 | Zig:2    | Entered Level 2 of a ziggurat
 60434 | Zig:2    | Reached skill level 1 in Hexes
 60511 | Zig:3    | Entered Level 3 of a ziggurat
 60553 | Zig:4    | Entered Level 4 of a ziggurat
 60635 | Zig:5    | Entered Level 5 of a ziggurat
 60685 | Zig:6    | Entered Level 6 of a ziggurat
 60691 | Zig:6    | Noticed a juggernaut
 60692 | Zig:6    | Noticed a juggernaut
 60693 | Zig:6    | Found the ring of the Mage {Wiz MR++ Int+3}
 60696 | Zig:6    | Killed a juggernaut
 60696 | Zig:6    | Killed a juggernaut
 60735 | Zig:7    | Entered Level 7 of a ziggurat
 60802 | Zig:8    | Entered Level 8 of a ziggurat
 60809 | Zig:8    | Noticed Usor the pandemonium lord
 60830 | Zig:8    | Killed Usor the pandemonium lord
 60873 | Zig:8    | Got a smoking turquoise ring
 61016 | Zig:9    | Entered Level 9 of a ziggurat
 61027 | Zig:9    | Reached skill level 5 in Hexes
 61050 | Zig:9    | Got a shimmering iron ring
 61122 | Zig:10   | Entered Level 10 of a ziggurat
 61133 | Zig:10   | Reached skill level 15 in Conjurations
 61171 | Zig:10   | Identified Sif Muna's Papyrus of Attacks and Transformation
 61199 | Zig:10   | Identified the ring of Atheism {rF+ rN+ MR+ Int+3 Dex+7}
                  | (You found it on level 9 of a ziggurat)
 61205 | Zig:10   | Identified the ring of Getokhy {*Contam rElec SInv Stlth+}
                  | (You found it on level 8 of a ziggurat)
 61208 | Zig:10   | Got a brightly glowing golden ring
 61209 | Zig:10   | Identified the ring "Xoragu" {rC+ MR+} (You found it on
                  | level 10 of a ziggurat)
 61225 | Zig:11   | Entered Level 11 of a ziggurat
 61275 | Zig:11   | Identified Sif Muna's Catalogue of Unstable Confrontation
 61278 | Zig:11   | Got a glittering tin amulet
 61283 | Zig:11   | Identified the Papyrus of the Rocks and the Traveller
 61356 | Zig:12   | Entered Level 12 of a ziggurat
 61430 | Zig:12   | Got a steaming pewter ring
 61435 | Zig:12   | Reached skill level 10 in Hexes
 61437 | Zig:12   | Got a glittering graven amulet
 61442 | Zig:12   | Identified the amulet of Omawucvu {-Tele Fragile +Rage
                  | rF+++ Int+4} (You found it on level 12 of a ziggurat)
 61456 | Zig:12   | Identified the amulet "Lofacuuw" {Reflect rF+ Dex+4 SH+5}
                  | (You found it on level 11 of a ziggurat)
 61460 | Zig:12   | Identified the ring "Ytsikal" {+Fly Int+4} (You found it on
                  | level 12 of a ziggurat)
 61576 | Zig:12   | Learned a level 6 spell: Deflect Missiles
 61599 | Zig:13   | Entered Level 13 of a ziggurat
 61607 | Zig:13   | Noticed an ancient lich
 61611 | Zig:13   | Killed an ancient lich
 61640 | Zig:13   | Got a coiled jade amulet
 61729 | Zig:14   | Entered Level 14 of a ziggurat
 61801 | Zig:14   | Identified the Disquisition on Earthen Transformation
 61803 | Zig:14   | Identified Ygoexua's Reference Book on Mutagenic
                  | Conjuration
 61857 | Zig:14   | Identified the amulet "Poucixih" {Inacc Fragile Int+7} (You
                  | found it on level 13 of a ziggurat)
 61865 | Zig:15   | Entered Level 15 of a ziggurat
 61903 | Zig:15   | Found the +8 orange crystal plate armour {Archmagi, Int+3
                  | Clar}
 61978 | Zig:15   | Got a fine silver ring
 62020 | Zig:16   | Entered Level 16 of a ziggurat
 62179 | Zig:17   | Entered Level 17 of a ziggurat
 62197 | Zig:17   | Reached skill level 10 in Evocations
 62236 | Zig:17   | Got a scorched copper ring
 62244 | Zig:17   | Identified the ring of Bajiss {Wiz +Inv rN+ Str-5} (You
                  | found it on level 15 of a ziggurat)
 62246 | Zig:17   | Identified the ring "Nuwitt" {*Slow +Fly rC+ Int+3} (You
                  | found it on level 17 of a ziggurat)
 62295 | Zig:17   | Identified the Catalogue of the Bruised Yaks
 62336 | Zig:18   | Entered Level 18 of a ziggurat
 62592 | Zig:19   | Entered Level 19 of a ziggurat
 62613 | Zig:19   | Killed from afar by a Tzitzimitl

Skill      XL: |  1  2  3  4  5  6  7  8  9 10 11 12 13 14 15 16 17 18 19 20 21 22 23 24 25 26 27 |
---------------+----------------------------------------------------------------------------------+-----
Conjurations   | 1 2 3 4 6 8 19 | 19.7
Fire Magic     | 3 5 |  5.0
Air Magic      | 2 5 |  5.1
Spellcasting   | 7 8 10 11 14 17 18 | 18.1
Earth Magic    | 2 7 9 11 12 17 21 25 | 25.0
Necromancy     | 2 5 9 10 12 14 17 19 | 19.0
Charms         | 2 4 6 |  6.0
Shields        | 4 9 |  9.0
Fighting       | 3 6 9 10 | 10.0
Armour         | 3 6 9 10 | 10.0
Dodging        | 3 6 7 8 |  8.0
Ice Magic      | 6 13 23 | 23.9
Transmutations | 9 15 19 | 19.0
Evocations     | 1 5 6 12 | 12.0
Hexes          | 10 | 10.1
Stealth        | |  2.4
Summonings     | |  1.0
Translocations | |  0.8

Action                   |  1- 3 |  4- 6 |  7- 9 | 10-12 | 13-15 | 16-18 | 19-21 | 22-24 | 25-27 || total
-------------------------+-------+-------+-------+-------+-------+-------+-------+-------+-------++-------
Melee: Unarmed           |     3 |       |       |       |       |       |       |       |       ||     3
       Dagger            |     4 |   158 |   151 |       |       |       |       |       |       ||   313
       Spear             |       |     5 |     6 |       |       |       |       |       |       ||    11
       Quarterstaff      |       |       |    21 |       |       |       |       |       |    61 ||    82
       Flail             |       |       |    63 |     7 |       |       |       |       |       ||    70
       Rapier            |       |       |     6 |   347 |    86 |       |       |       |       ||   439
       Staff             |       |       |       |     2 |       |       |       |   111 |       ||   113
       Shortbow          |       |       |       |       |     1 |       |       |       |       ||     1
       Glaive            |       |       |       |       |   115 |   385 |     5 |       |       ||   505
       Falchion          |       |       |       |       |       |   299 |   505 |   219 |   248 ||  1271
 Fire: Shortbow          |       |       |       |    41 |   361 |       |       |       |   305 ||   707
       Hunting sling     |       |       |       |       |    62 |       |       |       |       ||    62
Throw: Stone             |     1 |       |     4 |       |       |       |       |       |       ||     5
 Cast: Magic Dart        |    68 |    95 |   164 |   128 |    60 |    13 |       |       |       ||   528
       Mephitic Cloud    |     1 |     5 |    38 |    46 |    58 |    20 |     8 |     6 |     3 ||   185
       Conjure Flame     |       |     9 |    36 |    39 |    91 |    51 |    44 |    10 |    13 ||   293
       Regeneration      |       |       |       |    35 |    31 |    43 |    73 |    44 |    67 ||   293
       Borgnjor's Vile C |       |       |       |    54 |   141 |   280 |   313 |   227 |   390 ||  1405
       Dispel Undead     |       |       |       |     3 |    13 |    27 |    23 |     8 |    94 ||   168
       Sublimation of Bl |       |       |       |    14 |    12 |    11 |    40 |    29 |    67 ||   173
       Ozocubu's Armour  |       |       |       |       |       |    14 |    23 |    18 |    17 ||    72
       Bolt of Cold      |       |       |       |       |       |       |    69 |    81 |    25 ||   175
       Necromutation     |       |       |       |       |       |       |       |       |   110 ||   110
       Shatter           |       |       |       |       |       |       |       |       |   154 ||   154
       Glaciate          |       |       |       |       |       |       |       |       |    10 ||    10
       Swiftness         |       |       |       |       |       |       |       |       |     4 ||     4
       Darkness          |       |       |       |       |       |       |       |       |     2 ||     2
Invok: Receive Necronomi |       |       |       |     1 |       |       |       |       |       ||     1
       Renounce Religion |       |       |       |     1 |       |       |       |       |       ||     1
       Call Merchant     |       |       |       |       |       |       |       |       |    11 ||    11
       Potion Petition   |       |       |       |       |       |       |       |       |     8 ||     8
 Abil: Dig               |       |     3 |    28 |    21 |    33 |     9 |       |     6 |       ||   100
       End Transformatio |       |       |       |       |       |       |       |       |    35 ||    35
       Evoke Flight      |       |       |       |       |       |       |       |       |     3 ||     3
Evoke: Sack of spiders   |       |       |       |       |     1 |       |       |       |       ||     1
       Wand              |       |       |       |       |     1 |     1 |       |     4 |     7 ||    13
       Lightning rod     |       |       |       |       |       |       |       |       |     8 ||     8
       Lamp of fire      |       |       |       |       |       |       |       |       |     2 ||     2
       Staff of energy   |       |       |       |       |       |       |       |       |    42 ||    42
       Figurine of a zig |       |       |       |       |       |       |       |       |     1 ||     1
  Use: Scroll            |       |     3 |     1 |    13 |     8 |     7 |    12 |     4 |    22 ||    70
       Potion            |       |     2 |       |       |     7 |       |     3 |     2 |    16 ||    30
 Stab: Sleeping          |     1 |       |       |     2 |     1 |     2 |       |       |       ||     6
       Confused          |       |     1 |     5 |    11 |     4 |     4 |     1 |       |     4 ||    30
       Distracted        |       |       |     1 |       |       |     5 |     2 |     1 |     4 ||    13
       Petrified         |       |       |       |       |       |     2 |       |       |       ||     2
  Eat: Chunk             |     1 |     9 |    21 |    33 |       |       |       |       |       ||    64
       Ration            |       |       |       |     3 |    17 |    12 |    10 |     7 |    14 ||    63
Armor: Robe              |     5 |    78 |    94 |       |       |       |       |       |       ||   177
       Leather armour    |       |       |     5 |    67 |       |       |       |       |       ||    72
       Troll leather arm |       |       |       |    78 |   201 |   287 |   278 |   129 |   483 ||  1456
Dodge: Dodged            |    22 |   140 |   123 |   252 |   254 |   519 |   513 |   233 |   598 ||  2654
Block: Shield            |       |       |       |    86 |   274 |   544 |   480 |   214 |   618 ||  2216
       Rpst.: Falchion   |       |       |       |       |       |    50 |    98 |    37 |    61 ||   246
